 Dungeon Crawl Stone Soup version 0.30.0-30-g96aa6591b8 (webtiles) character file.

Game seed: 6668116139308378069

67 cheesebisquit the Magician (level 4, -1/34 HPs)
             Began as a Djinni Ice Elementalist on June 28, 2023.
             Slain by a quokka (3 damage)
             ... on level 2 of the Dungeon.
             The game lasted 00:06:15 (898 turns).

cheesebisquit the Magician (Djinni Ice Elementalist) Turns: 898, Time: 00:06:16

Health: -1/34      AC:  4    Str:  7    XL:     4   Next: 40%
Gold:   91         EV: 12    Int: 19    God:
                   SH:  0    Dex: 13

rFire   + + .        (no weapon)
rCold   x . .        (no shield)
rNeg    . . .        a - +0 robe
rPois   ∞            (no helmet)
rElec   .            (no cloak)
rCorr   .            d - +1 pair of gloves
SInv    .            (boots unavailable)
Will    +....        (no amulet)
Stlth   ++           h - ring of willpower
HPRegen 0.25/turn    (no ring)
MPRegen 0.00/turn

%: infuse magic (-2 HP)
@: flying
A: sickness immunity, fire resistance 2, cold vulnerability 1, float, innate
caster, HP casting, extra vitality 1
a: no special abilities


You were on level 2 of the Dungeon.
You visited 1 branch of the dungeon, and saw 4 of its levels.

You collected 91 gold pieces.

Inventory:

Armour
 a - a +0 robe (worn)
 d - a +1 pair of gloves (worn)
Jewellery
 h - a ring of willpower (left hand)
Scrolls
 b - 4 scrolls of noise {unknown}
 c - 3 scrolls of enchant armour {unknown}
 f - a scroll of immolation {unknown}
 g - a scroll of vulnerability {unknown}
 i - a scroll of teleportation {unknown}
Potions
 e - a potion of attraction {unknown}
 j - a potion of curing {unknown}


   Skills:
 + Level 2.4 Fighting
 - Level 2.1 Dodging
 - Level 1.5 Stealth
 + Level 3.9 Spellcasting


You knew the following spells:

 Your Spells              Type           Power      Damage    Failure   Level
a - Freeze                Ice            72%        1d8       2%          1
b - Frozen Ramparts       Ice            36%        1d6       9%          3
c - Ozocubu's Armour      Ice            18%        N/A       9%          3
d - Summon Ice Beast      Ice/Summ       18%        N/A       28%         4
e - Sting                 Tmut/Pois      72%        1d6       2%          1
Your spell library was empty.

Dungeon Overview and Level Annotations

Branches:
Dungeon (4/15)
 Temple: D:4-7

Altars:


Innate Abilities, Weirdness & Mutations

You are immune to sickness and miasma.
You are immune to poison.
Your flesh is very heat resistant. (rF++)
You are vulnerable to cold. (rC-)
You float through the air rather than walking.
You learn spells naturally, not from books.
Your magical power is your life essence.
You have superior vitality. (+4 MHP)


Message History

* * * LOW HITPOINT WARNING * * *
The rat closely misses you. The quokka barely misses you.
Casting: Freeze (safe; 2% risk of failure)
Confirm with . or Enter, or press ? or * to list all spells.
Aiming: Sting (safe; 2% risk of failure)
Press: ? - help, Shift-Dir - straight line, f - quokka
Aim: a quokka (64% to hit)
The sting misses the quokka.
* * * LOW HITPOINT WARNING * * *
The rat barely misses you. The quokka closely misses you.
Casting: Sting (safe; 2% risk of failure)
Confirm with . or Enter, or press ? or * to list all spells.
Aiming: Freeze (safe; 2% risk of failure)
Press: ? - help, Shift-Dir - straight line, f/p - quokka
Aim: a quokka You freeze the quokka.
The quokka is moderately wounded.
* * * LOW HITPOINT WARNING * * *
The rat bites you but does no damage.
The quokka bites you but does no damage.
Casting: Freeze (safe; 2% risk of failure)
Confirm with . or Enter, or press ? or * to list all spells.
Aiming: Sting (safe; 2% risk of failure)
Press: ? - help, Shift-Dir - straight line, f/p - quokka
Aim: a quokka (moderately wounded, 64% to hit)
The sting misses the quokka.
* * * LOW HITPOINT WARNING * * *
The quokka bites you but does no damage.
The rat bites you but does no damage.
Casting: Sting (safe; 2% risk of failure)
Confirm with . or Enter, or press ? or * to list all spells.
You don't have enough health to cast this spell.
Casting: Sting (safe; 2% risk of failure)
Confirm with . or Enter, or press ? or * to list all spells.
You don't have enough health to cast this spell.
The quokka closely misses you. The quokka attacks as you move away!
The quokka closely misses you.
The quokka twitches its whiskers.
The quokka attacks as you move away! The quokka bites you.
You die...

..#.#######.........#
#...#.#.# ....#
...<..#.#.....#
###.#.# # ..###
####....)....!# ...#
### ###..........#
...#
.............####
.#...
...#.............#
......
J#.#.#...#.##..... ##
#### |..##.<.........
###.##.##@##...
#.......rr# ..
.#...†>.$# #
#.......# #.......#
#.......# #.......#
#.......# #########


You could see a quokka and a rat.

Vanquished Creatures
  2 adders (D:2)
  A worm (D:2)
  A dart slug (D:1)
  5 ball pythons
  5 endoplasms
  3 goblins
  3 hobgoblins
  2 jackals (D:1)
  4 quokkas
  3 bats
  2 frilled lizards (D:1)
  3 kobolds
  7 rats
41 creatures vanquished.

Notes
Turn   | Place    | Note
-------+----------+-------------------------------------------
     0 | D:1      | cheesebisquit the Djinni Ice Elementalist began the quest
                  | for the Orb.
     0 | D:1      | cheesebisquit set off with the following spells memorised:
                  | Freeze, Frozen Ramparts, Ozocubu's Armour, Summon Ice
                  | Beast.
     0 | D:1      | Reached XP level 1. HP: 15/15 MP: 0/0
    43 | D:1      | Found a faded altar of an unknown god.
    81 | D:1      | Reached XP level 2. HP: 20/22 MP: 0/0
   123 | D:1      | Reached skill level 1 in Fighting
   299 | D:1      | Reached XP level 3. HP: 26/27 MP: 0/0
   299 | D:1      | Learned a level 1 spell: Sting
   700 | D:2      | Reached XP level 4. HP: 22/33 MP: 0/0
   852 | D:2      | You are sucked into a shaft and drop 2 floors!
   898 | D:2      | Slain by a quokka

Illustrated notes

Levels and vault maps discovered:
D:1:      amcnicky_arrival_choice, layout_rooms,
          dreamdust_ecumenical_altar_grove
D:2:      minmay_alternating_diamond, layout_loops_cross, minmay_misc_feat_rows
D:3:      layout_rooms, serial_shops, shop, nicolae_shop_stone,
          kennysheep_generic_room_7, uniq_jessica
D:4:      layout_layer_cave, nicolae_overflow_hidden_temple,
          minmay_temple_entry_grid, serial_shops, shop, nicolae_shop_self_help,
          uniq_sigmund

Skill      XL: |  1  2  3 |
---------------+----------+-----
Fighting       | 1 2 |  2.4
Dodging        | |  2.1
Stealth        | |  1.5
Spellcasting   | |  3.9

Action                     |  1- 3 |  4- 6 || total
---------------------------+-------+-------++-------
   Cast: Freeze            |    31 |    11 ||    42
         Sting             |    21 |     9 ||    30
 Armour: Robe              |     7 |    12 ||    19
  Dodge: Dodged            |    28 |    14 ||    42
